 Dungeon Crawl Stone Soup version 0.27.1-4-g1640c2035a (webtiles) character file.

Game seed: 10546007221061466056

4887 bearlyready the Slicer (level 10, -2/61 HPs)
             Began as a Kobold Berserker on Nov 17, 2021.
             Was an Elder of Trog.
             Killed from afar by Maurice (17 damage)
             ... with an iceblast
             ... on level 8 of the Dungeon.
             The game lasted 00:12:11 (8786 turns).

bearlyready the Slicer (Kobold Berserker)           Turns: 8786, Time: 00:12:11

Health: -2/61      AC:  7    Str: 14    XL:     10   Next: 79%
Magic:  10/10      EV: 13    Int:  8    God:    Trog [****..]
Gold:   187        SH:  7    Dex: 19    Spells: 9/9 levels left

rFire    . . .     SeeInvis .   y - +1 dagger (venom)
rCold    . . .     Faith    .   t - +0 buckler
rNeg     . . .     Spirit   .   e - +0 ring mail
rPois    .         Reflect  .   j - +1 helmet
rElec    .         Harm     .   (no cloak)
rCorr    .         Rampage  .   (no gloves)
Will     .....                  (no boots)
Stlth    +++++.....             (no amulet)
HPRegen  0.20/turn              (no ring)
MPRegen  0.12/turn              (no ring)

@: no status effects
A: small, no large weapons, nightstalker 3
a: Renounce Religion, Berserk, Trog's Hand, Brothers in Arms


You were on level 8 of the Dungeon.
You worshipped Trog.
Trog was greatly pleased with you.
You visited 1 branch of the dungeon, and saw 8 of its levels.

You collected 349 gold pieces.
You spent 162 gold pieces at shops.

Inventory:

Hand Weapons
 a - a +0 short sword
 y - a +1 dagger of venom (weapon)
Missiles
 h - 33 poisoned darts (quivered)
 E - 12 boomerangs
 J - 4 throwing nets
Armour
 b - a +0 animal skin
 c - a +0 leather armour
 e - a +0 ring mail (worn)
 j - a +1 helmet (worn)
 t - a +0 buckler (worn)
 v - +0 steam dragon scales
Wands
 p - a wand of polymorph (4)
 D - a wand of mindburst (4)
 G - a wand of flame (18)
 K - a wand of paralysis (9)
Scrolls
 d - 5 scrolls of teleportation
 f - 2 scrolls of blinking {unknown}
 g - 2 scrolls of noise {unknown}
 i - 3 scrolls of enchant armour {unknown}
 n - a scroll of enchant weapon {unknown}
 r - 2 scrolls of fog
 s - 3 scrolls of identify {unknown}
 u - 4 scrolls of magic mapping
 w - a scroll of fear {unknown}
 B - a scroll of amnesia {unknown}
 H - a scroll of silence {unknown}
Potions
 k - 5 potions of curing
 m - 2 potions of haste {unknown}
 o - 5 potions of flight {unknown}
 q - a potion of might {unknown}
 x - a potion of berserk rage {unknown}
 z - 2 potions of resistance {unknown}
 A - a potion of ambrosia {unknown}
 C - a potion of lignification {unknown}
 F - a potion of mutation {unknown}
 I - 2 potions of magic {unknown}


   Skills:
 + Level 6.7 Fighting
 + Level 10.4 Short Blades
 - Level 3.0 Throwing
 - Level 1.5 Armour
 - Level 2.4 Dodging
 + Level 10.4 Stealth
 + Level 5.2 Shields
 + Level 7.5 Evocations


You had 9 spell levels left.
You didn't know any spells.
Your spell library was empty.

Dungeon Overview and Level Annotations

Branches:
Dungeon (8/15)             Temple (0/1) D:5
   Lair: D:8-11

Altars:
Elyvilon
Gozag
Vehumet

Shops:
D:6 **

Annotations:
D:8 Maurice


Innate Abilities, Weirdness & Mutations

You are small and have problems with some larger weapons.
You are completely attuned to the shadows.


Message History

Maurice is moderately wounded.
You hit Maurice but do no damage.
Maurice looks as sick as possible!
Maurice is moderately wounded.
Maurice mumbles some strange words.
Maurice flickers and vanishes!
Deactivating autopickup; reactivate with Ctrl-A.
You barely miss something. You hit something but do no damage.
You block something's attack.
You miss something. You barely miss something. You block something's attack.
You barely miss something. You hit something. You block something's attack.
You miss something. You closely miss something.
You hear a zap.
An iceblast appears from out of thin air!
The mass of ice explodes!
The iceblast engulfs you!
The iceblast engulfs something!
You barely miss something. You closely miss something.
You hear some strange, mumbled words.
There is an open door here.
A poisoned dart appears from out of thin air!
The poisoned dart hits you!
You are poisoned.
You feel very sick.
You hear a zap.
An iceblast appears from out of thin air!
The mass of ice explodes!
The iceblast engulfs you.
* * * LOW HITPOINT WARNING * * *
The iceblast engulfs something!
You miss something.
You feel sick.
You barely miss something.
You feel sick. Something hits you!
* * * LOW HITPOINT WARNING * * *
Something steals your 3 potions of heal wounds!
It was a potion of curing.
You feel better.
You hear a zap.
An iceblast appears from out of thin air!
The mass of ice explodes!
The iceblast engulfs you!
You die...

#.....#....#.............#....
#.....#....'............##..##
#.....##..###..##..###..######
##....##..###..##..####'##..##
##....##............#........#
#...........).......#........#
#.....##...##..##...'...##..##
##)...##...##..##...#...##..##
##....##....'@.##..###..##..##
#.........[.#{.#######..##..#.
#.)...##...##...# #....'...#.
#.....##...##...# #....##..##
##....##........# #..).######
#######()......# #.....#
#........(# #.....#
##.......## ##...## #########
#####


There were no monsters in sight!

Vanquished Creatures
  Harold (D:8)
  Erica (D:8)
  A gargoyle (D:8)
  Maggie (D:8)
  Sigmund (D:3)
  A steam dragon (D:4)
  Menkaure (D:5)
  An orc warrior (D:7)
  2 hornet zombies
  An ice beast (D:7)
  3 black bears
  A necrophage (D:6)
  3 ogres
  2 centaurs
  2 phantoms
  A kobold brigand (D:6)
  A bullfrog (D:8)
  A scorpion (D:4)
  2 water moccasin zombies (D:5)
  2 wyvern skeletons (D:7)
  A howler monkey (D:6)
  2 bullfrog zombies
  5 hounds
  2 orc priests
  A bullfrog skeleton (D:6)
  A jelly (D:5)
  A gnoll shaman (D:5)
  4 iguanas
  Jessica (D:3)
  An orc wizard (D:5)
  A howler monkey zombie (D:5)
  9 gnolls
  4 adders
  A shadow imp (D:6)
  2 ufetubi
  2 dart slugs
  26 orcs
  6 ball pythons
  5 endoplasms
  13 giant cockroaches
  6 goblins
  3 hobgoblins (D:2)
  15 kobolds
  5 quokkas
  2 bats (D:2)
  3 frilled lizards
  4 rats
155 creatures vanquished.

Vanquished Creatures (others)
  An orc (D:8)
1 creature vanquished.

Grand Total: 156 creatures vanquished

Notes
Turn   | Place    | Note
-------+----------+-------------------------------------------
     0 | D:1      | bearlyready the Kobold Berserker began the quest for the
                  | Orb.
     0 | D:1      | Reached XP level 1. HP: 14/14 MP: 1/1
   138 | D:1      | Found a faded altar of an unknown god.
   164 | D:1      | Reached skill level 1 in Stealth
   355 | D:1      | Reached XP level 2. HP: 19/19 MP: 2/2
   931 | D:2      | Reached XP level 3. HP: 22/23 MP: 3/3
  1209 | D:2      | Reached ** piety under Trog
  1210 | D:2      | Reached skill level 1 in Throwing
  1354 | D:2      | Reached skill level 5 in Short Blades
  1374 | D:2      | Reached XP level 4. HP: 27/28 MP: 4/4
  2081 | D:3      | Noticed Sigmund
  2109 | D:3      | Killed Sigmund
  2110 | D:3      | Reached XP level 5. HP: 29/32 MP: 5/5
  2110 | D:3      | Reached XP level 6. HP: 33/37 MP: 6/6
  2267 | D:3      | Noticed Jessica
  2271 | D:3      | Killed Jessica
  2287 | D:3      | Found a white marble altar of Elyvilon.
  2902 | D:4      | Reached skill level 5 in Stealth
  3026 | D:4      | Reached skill level 1 in Evocations
  3112 | D:4      | Noticed a steam dragon
  3121 | D:4      | Killed a steam dragon
  3122 | D:4      | Reached skill level 1 in Shields
  3122 | D:4      | Reached XP level 7. HP: 41/41 MP: 7/7
  3661 | D:4      | Reached XP level 8. HP: 46/46 MP: 8/8
  3827 | D:5      | Entered Level 5 of the Dungeon
  3859 | D:5      | Reached *** piety under Trog
  4617 | D:5      | Noticed Menkaure
  4626 | D:5      | Killed Menkaure
  4740 | D:5      | Found a radiant altar of Vehumet.
  4974 | D:5      | Found an opulent altar of Gozag.
  5071 | D:5      | Found a staircase to the Ecumenical Temple.
  5086 | D:5      | You fall into a shaft and drop 1 floor!
  5125 | D:6      | Reached XP level 9. HP: 42/52 MP: 9/9
  5177 | D:6      | Reached skill level 5 in Evocations
  5844 | D:6      | Found Zoinn's General Store.
  5849 | D:6      | Bought a scroll of fog for 26 gold pieces
  5849 | D:6      | Bought 3 scrolls of magic mapping for 136 gold pieces
  6237 | D:6      | Reached skill level 5 in Fighting
  6513 | D:6      | Found Ixtaelut's Overcharged Wands.
  7112 | D:7      | Reached **** piety under Trog
  7673 | D:7      | Reached XP level 10. HP: 48/59 MP: 10/10
  8187 | D:8      | Noticed Erica
  8192 | D:8      | Killed Erica
  8208 | D:8      | Noticed Maurice
  8211 | D:8      | Noticed Maggie
  8253 | D:8      | Killed Maggie
  8254 | D:8      | Reached skill level 10 in Short Blades
  8298 | D:8      | Noticed a gargoyle
  8311 | D:8      | Reached skill level 10 in Stealth
  8312 | D:8      | Killed a gargoyle
  8313 | D:8      | Reached skill level 5 in Shields
  8720 | D:8      | Noticed Harold
  8723 | D:8      | Killed Harold
  8786 | D:8      | Killed from afar by Maurice

Illustrated notes

Levels and vault maps discovered:
D:1:      saegor_arrival_under_anarchy, layout_basic,
          hellmonk_ecumenical_altar_blasted, minmay_tromino_i4
D:2:      minmay_roachtagon, layout_rooms
D:3:      layout_basic, elyvilon_altar_1, uniq_jessica, uniq_sigmund
D:4:      layout_loops_ring, minmay_misc_feat_cross
D:5:      layout_cave_pools, mainiacjoe_overflow_boulevard,
          nicolae_gozag_cash_rules_everything_around_me, temple_doors_ab,
          uniq_menkaure
D:6:      layout_gridville, serial_shops, nicolae_shop_trees,
          nicolae_shop_overcharged_wands
D:7:      layout_cave_pods
D:8:      layout_gridville, uniq_harold, uniq_maurice, uniq_maggie, uniq_erica

Skill      XL: |  1  2  3  4  5  6  7  8  9 10 |
---------------+-------------------------------+-----
Stealth        | 1 2 4 5 6 7 9 10 | 10.4
Throwing       | 1 2 3 |  3.0
Short Blades   | 5 6 7 8 9 10 | 10.4
Evocations     | 2 3 4 6 7 |  7.5
Shields        | 1 3 4 5 |  5.2
Fighting       | 4 5 6 |  6.7
Armour         | |  1.5
Dodging        | |  2.4

Action                   |  1- 3 |  4- 6 |  7- 9 | 10-12 || total
-------------------------+-------+-------+-------+-------++-------
Melee: Short sword       |   101 |    80 |   141 |       ||   322
       Dagger            |       |       |   312 |    68 ||   380
Throw: Dart              |       |     3 |       |     2 ||     5
Invok: Berserk           |       |     2 |    10 |       ||    12
Evoke: Wand              |       |       |       |     4 ||     4
  Use: Scroll            |       |       |       |     1 ||     1
       Potion            |       |       |       |     1 ||     1
 Stab: Sleeping          |     7 |     8 |    20 |     7 ||    42
       Distracted        |       |       |     4 |       ||     4
Armor: Ring mail         |    37 |    15 |    64 |     6 ||   122
Dodge: Dodged            |    85 |    40 |   189 |    17 ||   331
Block: Buckler           |       |       |   101 |    15 ||   116
